 Dungeon Crawl Stone Soup version 0.18.1-8-gdd0e5ea (webtiles) character file.

111 Heskey the Skirmisher (level 4, 0/78 HPs)
             Began as an Ogre Berserker on June 7, 2016.
             Was a Believer of Trog.
             Slain by a worker ant (5 damage)
             ... on level 3 of the Dungeon.
             The game lasted 00:02:13 (3130 turns).

Heskey the Skirmisher (Ogre Berserker)              Turns: 3130, Time: 00:02:13

Health: 0/78       AC:  3    Str: 28    XL:     4   Next: 92%
Magic:  4/4        EV: 10    Int:  6    God:    Trog [**....]
Gold:   257        SH:  0    Dex:  9    Spells: 0 memorised, 3 levels left

rFire  . . .     SeeInvis .     r - +0 flail
rCold  . . .     Gourm    .     b - +0 animal skin
rNeg   . . .     Faith    .     (no shield)
rPois  +         Spirit   .     (helmet restricted)
rElec  .         Dismiss  .     (no cloak)
rCorr  .         Reflect  .     (gloves unavailable)
SustAt .         Harm     .     (boots unavailable)
MR     .....                    (no amulet)
Stlth  ..........               (no ring)
                                i - ring of poison resistance

@: berserking, lethally poisoned (0 -> -9), very quick, not resistant to hostile
enchantments, extremely unstealthy
A: unfitting armour, tough skin 1
a: Berserk, Trog's Hand, Burn Spellbooks, Renounce Religion


You were on level 3 of the Dungeon.
You worshipped Trog.
Trog was pleased with you.
You were not hungry.

You visited 1 branch of the dungeon, and saw 3 of its levels.

You collected 257 gold pieces.

Inventory:

Hand Weapons
 r - a +0 flail (weapon)
Armour
 b - a +0 animal skin (worn)
Jewellery
 i - a ring of poison resistance (left hand)
Scrolls
 d - 2 scrolls of enchant armour {unknown}
 g - 2 scrolls of noise {unknown}
 h - 3 scrolls of amnesia {unknown}
 j - a scroll of identify {unknown}
 q - a scroll of recharging {unknown}
 s - a scroll of fog {unknown}
Potions
 a - 2 potions of invisibility {unknown}
 e - a potion of lignification {unknown}
 k - a potion of resistance {unknown}
 l - a potion of heal wounds {unknown}
 m - a potion of brilliance {unknown}
 o - a potion of cure mutation {unknown}
 p - a potion of agility {unknown}
Comestibles
 c - 3 bread rations
 f - a beef jerky
 n - 4 meat rations
 t - 2 chunks of flesh


   Skills:
 * Level 5.9 Fighting
 + Level 4.7 Maces & Flails
 + Level 3.5 Dodging


You had 3 spell levels left.
You didn't know any spells.

Dungeon Overview and Level Annotations

Branches:
Dungeon (3/15)

Altars:


Innate Abilities, Weirdness & Mutations

You are too large for most types of armour.
You have tough skin (AC +1).


Message History

You feel yourself moving faster!
You feel mighty!
You feel somewhat more hungry.
You feel sick. The worker ant bites you!
* * * LOW HITPOINT WARNING * * *
You are too injured to fight recklessly!
You are too injured to fight recklessly!
You are too injured to fight recklessly!
You barely miss the worker ant.
* * * LOW HITPOINT WARNING * * *
You feel sick. The worker ant barely misses you.
You closely miss the worker ant.
* * * LOW HITPOINT WARNING * * *
You feel sick. The worker ant bites you.
* * * LOW HITPOINT WARNING * * *
You barely miss the worker ant.
* * * LOW HITPOINT WARNING * * *
You feel sick. The worker ant closely misses you.
You closely miss the worker ant.
* * * LOW HITPOINT WARNING * * *
You feel sick. The worker ant bites you.
You die...

##.....## ###....##
##...## #.#.## ##+#
#.### #. #.#
####.##### #.#
#..>.. ..# #.#
#.#...##.# #.#
#....a.#.#######.#
#...@..........#
.......##.#########
##.#### #.# #.# ..#
###


You could see a worker ant.

Vanquished Creatures
  The ghost of M4edhros the Grave Robber, a weakling OpNe (D:3)
  5 adders
  A dart slug (D:1)
  A giant gecko (D:3)
  2 ball pythons
  4 bats
  2 giant cockroaches (D:2)
  7 hobgoblins
  2 quokkas
  A giant gecko skeleton (D:3)
  5 giant newts
  7 goblins
  12 kobolds
  2 rats (D:2)
52 creatures vanquished.

Notes
Turn   | Place    | Note
--------------------------------------------------------------
     0 | D:1      | Heskey the Ogre Berserker began the quest for the Orb.
     0 | D:1      | Reached XP level 1. HP: 24/24 MP: 1/1
   142 | D:1      | Reached XP level 2. HP: 32/33 MP: 2/2
  1117 | D:2      | Reached XP level 3. HP: 36/41 MP: 3/3
  1267 | D:2      | Reached skill level 5 in Fighting
  2229 | D:2      | Reached XP level 4. HP: 36/50 MP: 4/4
  2429 | D:2      | Reached ** piety under Trog
  2851 | D:3      | Noticed M4edhros's ghost (weakling OpNe)
  2864 | D:3      | Killed M4edhros's ghost
  3130 | D:3      | Slain by a worker ant

Skill      XL: |  1  2  3 |
---------------+----------+-----
Dodging        | 3 |  3.5
Fighting       | 5 |  5.9
Maces & Flails | |  4.7

Action                   |  1- 3 |  4- 6 || total
-------------------------+-------+-------++-------
Melee: Mace              |    93 |    26 ||   119
       Flail             |       |    51 ||    51
Invok: Berserk           |     1 |     2 ||     3
 Stab: Sleeping          |     1 |     1 ||     2
  Eat: Chunk             |     1 |     4 ||     5
       Bread ration      |     1 |       ||     1
Armor: Animal skin       |    31 |    30 ||    61
Dodge: Dodged            |    72 |    38 ||   110
